| TOP OF THE 1ST |
|
Iowa Cubs batting - Pitching for Louisville Bats : RHP Roberto Cortez
|
|
Pitching: RHP Roberto Cortez
|
|
|
Batting: RHB Jason Ostrom
|
0-0: Ball 1-0: Foul Ball, location: 2F 1-1: Swinging Strike 1-2: Ball 2-2: Ball 3-2: Foul Ball, location: 2F 3-2: Strikes out swinging, 2-3 out at first.
|
|
Batting: SHB Art Kent
|
0-0: Ball 1-0: Ball 2-0: Called Strike 2-1: SINGLE (Groundball, 6MS, EV 70.6 MPH) (infield hit)
|
|
Batting: RHB Kaeo Zirpoli
|
0-0: Called Strike 0-1: Called Strike 0-2: Ball 1-2: Foul Ball, location: 2F 1-2: Ball 2-2: Fly out, F8 (Flyball, 8RD, EV 108.8 MPH)
|
|
Batting: RHB Adam O'Hare
|
0-0: Swinging Strike 0-1: Ball 1-1: Ball 2-1: Ground out 1-3 (Groundball, 15S, EV 68.8 MPH)
|
| Top of the 1st over - 0 runs, 1 hit, 0 errors, 1 left on base; Iowa 0 - Louisville 0 |
| BOTTOM OF THE 1ST |
|
Louisville Bats batting - Pitching for Iowa Cubs : RHP Rashid bin Ala'
|
|
Pitching: RHP Rashid bin Ala'
|
|
|
Batting: RHB Solange Le Coq
|
0-0: Ball 1-0: Ball 2-0: Ball 3-0: Base on Balls
|
|
Batting: RHB Chase Briney
|
0-0: Called Strike 0-1: Ball 1-1: Called Strike Solange Le Coq steals 2nd base 1-2: Ground out 6-3 (Groundball, 6, EV 77.5 MPH) Solange Le Coq to third
|
|
Batting: RHB Bruno André
|
0-0: Ground out 1-3 (Groundball, 13, EV 70.6 MPH)
|
|
Batting: SHB Freddie Farrar
|
0-0: Foul Ball, location: 2F 0-1: Called Strike 0-2: SINGLE (Groundball, 4MS, EV 75.6 MPH) (infield hit) Solange Le Coq scores
|
|
Batting: RHB Juan Reyes
|
0-0: Ball 1-0: Ground out 5-3 (Groundball, 56S, EV 79.4 MPH)
|
| Bottom of the 1st over - 1 run, 1 hit, 0 errors, 1 left on base; Iowa 0 - Louisville 1 |
| TOP OF THE 2ND |
|
Iowa Cubs batting - Pitching for Louisville Bats : RHP Roberto Cortez
|
|
Batting: RHB Pat Barton
|
0-0: Fly out, F4 (Popup, 4, EV 78.1 MPH)
|
|
Batting: RHB Andy Wasierski
|
0-0: Ball 1-0: Called Strike 1-1: Swinging Strike 1-2: Foul Ball, location: 2F 1-2: Ball 2-2: Ball 3-2: Ground out 6-3 (Groundball, 6S, EV 94.4 MPH)
|
|
Batting: RHB Brian Gargis
|
0-0: Foul Ball, location: 2F 0-1: Foul Ball, location: 2F 0-2: Strikes out swinging
|
| Top of the 2nd over - 0 runs, 0 hits, 0 errors, 0 left on base; Iowa 0 - Louisville 1 |
| BOTTOM OF THE 2ND |
|
Louisville Bats batting - Pitching for Iowa Cubs : RHP Rashid bin Ala'
|
|
Batting: SHB Paul Sandoval
|
0-0: Called Strike 0-1: Ground out 4-3 (Groundball, 4, EV 105.6 MPH)
|
|
Batting: RHB Colin Lord
|
0-0: SINGLE (Groundball, 4MD, EV 98.1 MPH)
|
|
Batting: LHB Manny Ruvalcaba
|
0-0: Ball 1-0: Ball 2-0: Swinging Strike Passed Ball! Colin Lord to second 2-1: Fly out, F8 (Flyball, 8RM, EV 77.5 MPH)
|
|
Batting: RHB Steve Anderson
|
0-0: Swinging Strike 0-1: Foul Ball, location: 2F 0-2: Fly out, F4 (Popup, 3S, EV 74.4 MPH)
|
| Bottom of the 2nd over - 0 runs, 1 hit, 0 errors, 1 left on base; Iowa 0 - Louisville 1 |
| TOP OF THE 3RD |
|
Iowa Cubs batting - Pitching for Louisville Bats : RHP Roberto Cortez
|
|
Batting: RHB Adam Kelliher
|
0-0: Fly out, F9 (Flyball, 9D, EV 98.1 MPH)
|
|
Batting: SHB Nick Chandler
|
0-0: Ball 1-0: Ball 2-0: Called Strike 2-1: Swinging Strike 2-2: Foul Ball, location: 2F 2-2: Strikes out looking
|
|
Batting: RHB Jason Ostrom
|
0-0: Called Strike 0-1: Called Strike 0-2: Foul Ball, location: 2F 0-2: Ball 1-2: Ball 2-2: Strikes out looking
|
| Top of the 3rd over - 0 runs, 0 hits, 0 errors, 0 left on base; Iowa 0 - Louisville 1 |
| BOTTOM OF THE 3RD |
|
Louisville Bats batting - Pitching for Iowa Cubs : RHP Rashid bin Ala'
|
|
Batting: RHB Solange Le Coq
|
0-0: Foul Ball, location: 2F 0-1: Ball 1-1: Bunt missed! 1-2: Ball 2-2: Ball 3-2: Foul Ball, location: 2F 3-2: Ground out 6-3 (Groundball, 6S, EV 84.4 MPH)
|
|
Batting: RHB Chase Briney
|
0-0: Ball 1-0: Called Strike 1-1: Ground out 3-1 (Groundball, 34, EV 88.1 MPH)
|
|
Batting: RHB Bruno André
|
0-0: Called Strike 0-1: Ball 1-1: SINGLE (Line Drive, 8RS, EV 91.2 MPH)
|
|
Batting: SHB Freddie Farrar
|
0-0: Ball Bruno André steals 2nd base 1-0: Ground out U3 (Groundball, 3L, EV 83.8 MPH)
|
| Bottom of the 3rd over - 0 runs, 1 hit, 0 errors, 1 left on base; Iowa 0 - Louisville 1 |
| TOP OF THE 4TH |
|
Iowa Cubs batting - Pitching for Louisville Bats : RHP Roberto Cortez
|
|
Batting: SHB Art Kent
|
0-0: Ground out U3 (Groundball, 3, EV 90.0 MPH)
|
|
Batting: RHB Kaeo Zirpoli
|
0-0: Foul Ball, location: 2F 0-1: Called Strike 0-2: Ball 1-2: Strikes out swinging
|
|
Batting: RHB Adam O'Hare
|
0-0: Ball 1-0: Ground out 6-3 (Groundball, 6, EV 85.6 MPH)
|
| Top of the 4th over - 0 runs, 0 hits, 0 errors, 0 left on base; Iowa 0 - Louisville 1 |
| BOTTOM OF THE 4TH |
|
Louisville Bats batting - Pitching for Iowa Cubs : RHP Rashid bin Ala'
|
|
Batting: RHB Juan Reyes
|
0-0: Called Strike 0-1: Foul Ball, location: 2F 0-2: Ball 1-2: Strikes out swinging
|
|
Batting: SHB Paul Sandoval
|
0-0: Ball 1-0: Swinging Strike 1-1: Ball 2-1: Called Strike 2-2: Fly out, F9 (Line Drive, 9D, EV 95.6 MPH)
|
|
Batting: RHB Colin Lord
|
0-0: Foul Ball, location: 2F 0-1: Fly out, F8 (Flyball, 8LXD, EV 86.2 MPH)
|
| Bottom of the 4th over - 0 runs, 0 hits, 0 errors, 0 left on base; Iowa 0 - Louisville 1 |
| TOP OF THE 5TH |
|
Iowa Cubs batting - Pitching for Louisville Bats : RHP Roberto Cortez
|
|
Batting: RHB Pat Barton
|
0-0: Foul Ball, location: 2F 0-1: Foul Ball, location: 2F 0-2: Strikes out looking
|
|
Batting: RHB Andy Wasierski
|
0-0: Ball 1-0: Called Strike 1-1: Ball 2-1: Foul Ball, location: 2F 2-2: Ground out U3 (Groundball, 3, EV 104.4 MPH)
|
|
Batting: RHB Brian Gargis
|
0-0: Called Strike 0-1: Swinging Strike 0-2: Strikes out swinging
|
| Top of the 5th over - 0 runs, 0 hits, 0 errors, 0 left on base; Iowa 0 - Louisville 1 |
| BOTTOM OF THE 5TH |
|
Louisville Bats batting - Pitching for Iowa Cubs : RHP Rashid bin Ala'
|
|
Batting: LHB Manny Ruvalcaba
|
0-0: Called Strike 0-1: Foul Ball, location: 2F 0-2: Ball 1-2: Fly out, F7 (Flyball, 7D, EV 88.8 MPH)
|
|
Batting: RHB Steve Anderson
|
0-0: Ball 1-0: Ground out U3 (Groundball, 34, EV 105.6 MPH)
|
|
Batting: RHB Solange Le Coq
|
0-0: Ball 1-0: Ball 2-0: Fly out, F9 (Flyball, 9D, EV 103.8 MPH)
|
| Bottom of the 5th over - 0 runs, 0 hits, 0 errors, 0 left on base; Iowa 0 - Louisville 1 |
| TOP OF THE 6TH |
|
Iowa Cubs batting - Pitching for Louisville Bats : RHP Roberto Cortez
|
|
Batting: RHB Adam Kelliher
|
0-0: Called Strike 0-1: Ball 1-1: Ball 2-1: Ground out U3 (Groundball, 34, EV 101.2 MPH)
|
|
Batting: SHB Nick Chandler
|
0-0: Ground out 4-3 (Groundball, 34D, EV 85.0 MPH)
|
|
Batting: RHB Jason Ostrom
|
0-0: Ball 1-0: Called Strike 1-1: Ball 2-1: Fly out, F7 (Flyball, 7, EV 88.8 MPH)
|
| Top of the 6th over - 0 runs, 0 hits, 0 errors, 0 left on base; Iowa 0 - Louisville 1 |
| BOTTOM OF THE 6TH |
|
Louisville Bats batting - Pitching for Iowa Cubs : RHP Rashid bin Ala'
|
|
Batting: RHB Chase Briney
|
0-0: Called Strike 0-1: Swinging Strike 0-2: Ball 1-2: Ground out U3 (Groundball, 3, EV 89.4 MPH)
|
|
Batting: RHB Bruno André
|
0-0: Ball 1-0: Ball 2-0: Ground out 4-3 (Groundball, 4, EV 87.5 MPH)
|
|
Batting: SHB Freddie Farrar
|
0-0: Ball 1-0: Called Strike 1-1: Ground out U3 (Groundball, 13, EV 89.4 MPH)
|
| Bottom of the 6th over - 0 runs, 0 hits, 0 errors, 0 left on base; Iowa 0 - Louisville 1 |
| TOP OF THE 7TH |
|
Iowa Cubs batting - Pitching for Louisville Bats : RHP Roberto Cortez
|
|
Batting: SHB Art Kent
|
0-0: Ball 1-0: Called Strike 1-1: Ball 2-1: Foul Ball, location: 2F 2-2: Ball 3-2: Foul Ball, location: 2F 3-2: Base on Balls
|
|
Batting: RHB Kaeo Zirpoli
|
0-0: Ball 1-0: Ball Art Kent steals 2nd base 2-0: Foul Ball, location: 2F 2-1: Foul Ball, location: 2F 2-2: Foul Ball, location: 2F 2-2: Fly out, F9 (Line Drive, 89D, EV 96.2 MPH) Runner from 2nd tags up, SAFE at 3rd, no throw by RF
|
|
Pitching: LHP Zach Masengill
|
|
|
Batting: RHB Adam O'Hare
|
0-0: Called Strike 0-1: Ball 1-1: Ball 2-1: Ball 3-1: Base on Balls
|
|
Batting: RHB Pat Barton
|
0-0: Called Strike 0-1: Called Strike 0-2: Ball 1-2: Fielders Choice at 2nd, 6-4 (Groundball, 6, EV 78.8 MPH) Art Kent scores
|
|
Batting: RHB Andy Wasierski
|
0-0: Called Strike 0-1: Swinging Strike 0-2: Ball 1-2: Strikes out swinging
|
| Top of the 7th over - 1 run, 0 hits, 0 errors, 1 left on base; Iowa 1 - Louisville 1 |
| BOTTOM OF THE 7TH |
|
Louisville Bats batting - Pitching for Iowa Cubs : RHP Rashid bin Ala'
|
|
Batting: RHB Juan Reyes
|
0-0: Called Strike 0-1: Called Strike 0-2: Ball 1-2: Ground out 6-3 (Groundball, 6, EV 111.9 MPH)
|
|
Batting: SHB Paul Sandoval
|
0-0: Ball 1-0: Ground out 4-3 (Groundball, 4, EV 85.6 MPH)
|
|
Batting: RHB Colin Lord
|
0-0: Ball 1-0: Ball 2-0: Ball 3-0: Base on Balls
|
|
Pitching: RHP Devin Ward
|
|
|
Batting: LHB Manny Ruvalcaba
|
0-0: Swinging Strike 0-1: Ball 1-1: Called Strike 1-2: Hit by Pitch Colin Lord to second
|
|
Batting: RHB Steve Anderson
|
0-0: Swinging Strike 0-1: Swinging Strike 0-2: Strikes out swinging
|
| Bottom of the 7th over - 0 runs, 0 hits, 0 errors, 2 left on base; Iowa 1 - Louisville 1 |
| TOP OF THE 8TH |
|
Iowa Cubs batting - Pitching for Louisville Bats : LHP Zach Masengill
|
|
Batting: RHB Brian Gargis
|
0-0: Fly out, F3 (Popup, 3, EV 70.6 MPH)
|
|
Batting: RHB Adam Kelliher
|
0-0: Called Strike 0-1: DOUBLE (Line Drive, 7LD, EV 99.4 MPH)
|
|
Batting: SHB Nick Chandler
|
0-0: Ball 1-0: Swinging Strike 1-1: Swinging Strike 1-2: Ball 2-2: Strikes out swinging
|
|
Batting: RHB Jason Ostrom
|
0-0: Called Strike 0-1: Called Strike 0-2: Fly out, F8 (Flyball, 8LD, EV 98.1 MPH)
|
| Top of the 8th over - 0 runs, 1 hit, 0 errors, 1 left on base; Iowa 1 - Louisville 1 |
| BOTTOM OF THE 8TH |
|
Louisville Bats batting - Pitching for Iowa Cubs : RHP Devin Ward
|
|
Batting: RHB Solange Le Coq
|
0-0: Ball 1-0: Ground out 5-3 (Groundball, 56, EV 99.4 MPH)
|
|
Batting: RHB Chase Briney
|
0-0: Ball 1-0: Ball 2-0: Ball 3-0: Called Strike 3-1: Ground out 6-3 (Groundball, 6S, EV 75.6 MPH)
|
|
Batting: RHB Bruno André
|
0-0: Called Strike 0-1: Ball 1-1: Ball 2-1: Ball 3-1: Base on Balls
|
|
Batting: SHB Freddie Farrar
|
0-0: Ball 1-0: SINGLE (Line Drive, 8LS, EV 100.0 MPH) Bruno André to second
|
|
Batting: RHB Juan Reyes
|
0-0: Ball 1-0: Swinging Strike 1-1: Ball 2-1: Ball 3-1: Base on Balls Bruno André to third Freddie Farrar to second
|
|
Batting: SHB Paul Sandoval
|
0-0: Swinging Strike 0-1: Fielders Choice at 2nd, 5-4 (Groundball, 56, EV 105.0 MPH)
|
| Bottom of the 8th over - 0 runs, 1 hit, 0 errors, 3 left on base; Iowa 1 - Louisville 1 |
| TOP OF THE 9TH |
|
Iowa Cubs batting - Pitching for Louisville Bats : LHP Zach Masengill
|
|
Pitching: RHP Justin Ambrose
|
|
|
Batting: SHB Art Kent
|
0-0: Foul Ball, location: 2F 0-1: Called Strike 0-2: Ball 1-2: Foul Ball, location: 2F 1-2: Ball 2-2: TRIPLE (Flyball, 7D, EV 100.0 MPH)
|
|
Batting: RHB Kaeo Zirpoli
|
0-0: Intentional Walk
|
|
Batting: RHB Adam O'Hare
|
0-0: Ball 1-0: SINGLE (Groundball, 34D, EV 94.4 MPH) Art Kent scores Kaeo Zirpoli to second Runner from 2nd tries for 3rd, SAFE, throw by RF made to third
|
|
Batting: RHB Pat Barton
|
0-0: Ball 1-0: Called Strike 1-1: Fly out, F9 (Line Drive, 89M, EV 86.2 MPH)
|
|
Batting: RHB Andy Wasierski
|
0-0: Called Strike 0-1: Called Strike 0-2: Strikes out swinging
|
|
Batting: RHB Brian Gargis
|
0-0: Fly out, F9 (Flyball, 9, EV 83.8 MPH)
|
| Top of the 9th over - 1 run, 2 hits, 0 errors, 2 left on base; Iowa 2 - Louisville 1 |
| BOTTOM OF THE 9TH |
|
Louisville Bats batting - Pitching for Iowa Cubs : RHP Devin Ward
|
|
Batting: RHB Colin Lord
|
0-0: Ball 1-0: Swinging Strike 1-1: SINGLE (Groundball, 6MD, EV 99.4 MPH)
|
|
Batting: LHB Manny Ruvalcaba
|
0-0: Ball Passed Ball! Colin Lord to second 1-0: Ball 2-0: Ball 3-0: Called Strike 3-1: Base on Balls
|
|
Pinch Hitting: LHB Jake Bill
|
0-0: Ball 1-0: Ball 2-0: Ball 3-0: Base on Balls Colin Lord to third Manny Ruvalcaba to second
|
|
Batting: RHB Solange Le Coq
|
0-0: Ball 1-0: Swinging Strike 1-1: Ball 2-1: Foul Ball, location: 2F 2-2: Strikes out swinging
|
|
Batting: RHB Chase Briney
|
0-0: Ball 1-0: Ball 2-0: Ball Passed Ball! Colin Lord scores Manny Ruvalcaba to third Jake Bill to second 3-0: Called Strike 3-1: Base on Balls
|
|
Batting: RHB Bruno André
|
0-0: Called Strike 0-1: Swinging Strike 0-2: Ball 1-2: Ball 2-2: Ball 3-2: Foul Ball, location: 2F 3-2: Strikes out swinging
|
|
Pitching: RHP Josh MacQueen
|
|
|
Batting: SHB Freddie Farrar
|
0-0: Fly out, F9 (Flyball, 9D, EV 98.8 MPH)
|
| Bottom of the 9th over - 1 run, 1 hit, 0 errors, 3 left on base; Iowa 2 - Louisville 2 |
| TOP OF THE 10TH |
|
Iowa Cubs batting - Pitching for Louisville Bats : RHP Justin Ambrose
|
|
Pitching: LHP Logan Moultry
|
|
|
Now at C: Jung-keun Bai
|
|
|
Batting: RHB Adam Kelliher
|
0-0: Called Strike 0-1: Ball 1-1: Swinging Strike 1-2: Ball 2-2: Strikes out swinging
|
|
Batting: SHB Nick Chandler
|
0-0: Called Strike 0-1: Called Strike 0-2: Ball 1-2: Strikes out looking
|
|
Batting: RHB Jason Ostrom
|
0-0: Called Strike 0-1: Ball 1-1: Foul Ball, location: 2F 1-2: Strikes out swinging
|
| Top of the 10th over - 0 runs, 0 hits, 0 errors, 0 left on base; Iowa 2 - Louisville 2 |
| BOTTOM OF THE 10TH |
|
Louisville Bats batting - Pitching for Iowa Cubs : RHP Josh MacQueen
|
|
Batting: RHB Juan Reyes
|
0-0: Called Strike 0-1: Foul Ball, location: 2F 0-2: Ball 1-2: Ball 2-2: Ball 3-2: Base on Balls
|
|
Batting: SHB Paul Sandoval
|
0-0: Sac Bunt to 3S - play at first, batter OUT! 3-1 Juan Reyes to second
|
|
Batting: RHB Colin Lord
|
0-0: Ball 1-0: Foul Ball, location: 2F 1-1: Ball Passed Ball! Juan Reyes to third 2-1: Fielders Choice at home, 5-2 (Groundball, 56, EV 87.5 MPH)
|
|
Batting: LHB Manny Ruvalcaba
|
0-0: Called Strike Colin Lord steals 2nd base 0-1: Ball 1-1: Intentional Walk
|
|
Batting: RHB Jung-keun Bai
|
0-0: Ball 1-0: Ball 2-0: Ball 3-0: Base on Balls Colin Lord to third Manny Ruvalcaba to second
|
|
Batting: RHB Solange Le Coq
|
0-0: Ball Wild Pitch! Colin Lord scores
|
| Bottom of the 10th over - 1 run, 0 hits, 0 errors, 2 left on base; Iowa 2 - Louisville 3 |
|